 Dungeon Sprint DCSS version 0.16.2-12-gd0ad4c3 (webtiles) character file.

7376 Groucho the Nimble (level 10, -10/54 (56) HPs)
             Began as a Spriggan Enchanter on May 6, 2016.
             Was a Priest of Dithmenos.
             Engulfed by a death drake's foul pestilence (12 damage)
             ... in the Dungeon (Sprint II: "The Violet Keep of Menkaure").
             The game lasted 00:12:10 (1158 turns).

Groucho the Nimble (Spriggan Enchanter)             Turns: 1158, Time: 00:12:10

HP:   -10/54 (56)   AC:  5    Str:  9    XL:     10   Next: 92%
MP:   19/33         EV: 27    Int: 22    God:    Dithmenos [***...]
Gold: 640           SH:  4    Dex: 15    Spells: 4 memorised, 26 levels left

rFire  + . .     SeeInvis +     u - +1 short sword (speed)
rCold  + + .     Clarity  .     b - +1 robe
rNeg   . . .     SustAb   .     B - -1 buckler of Mueroypo {rC+ MR+ Str+4 Int+3 Dex-2} (curse)
rPois  +         Gourm    .     D - +1 hat
rElec  +         Spirit   .     C - +0 cloak
rCorr  +         Warding  .     (gloves unavailable)
rMut   .         NoTele   +     (boots unavailable)
MR     ++...                    (no amulet)
Stlth  +++++++++.               (no ring)
                                k - ring of flight

@: lethally poisoned (-10 -> -49), resistant, flying, rotting, slowed, wreathed
by umbra, quick, very resistant to hostile enchantments, incredibly stealthy
A: unfitting armour, see invisible, herbivore 3, speed 3, slow metabolism 2
a: Shadow Step, Renounce Religion


You were in the Dungeon.
You worshipped Dithmenos.
Dithmenos was most pleased with you.
You were not hungry.

You visited 1 branch You collected 1443 gold pieces.
You spent 803 gold pieces at shops.

Inventory:

Hand weapons
 a - a +1 dagger
 u - a +1 short sword of speed (weapon)
Armour
 b - a +1 robe (worn)
 B - the cursed -1 buckler of Mueroypo (worn) {rC+ MR+ Str+4 Int+3 Dex-2}
   (You bought it in a shop in the Dungeon)

   It affects your strength (+4).
   It affects your intelligence (+3).
   It affects your dexterity (-2).
   It protects you from cold.
   It affects your resistance to hostile enchantments.
   It has a curse placed upon it.
 C - a +0 cloak (worn)
 D - a +1 hat (worn)
Jewellery
 k - a ring of flight (left hand)
 q - an uncursed ring of fire {unknown}
Magical devices
 n - a wand of magic darts (30)
Scrolls
 j - 2 scrolls of blinking
 o - 3 scrolls of immolation {unknown}
 p - 3 scrolls of remove curse {unknown}
 s - a scroll of magic mapping {unknown}
 t - 3 scrolls of amnesia {unknown}
 w - 2 scrolls of identify {unknown}
 x - a scroll of enchant armour {unknown}
 y - a scroll of fog {unknown}
Potions
 e - a potion of curing
 f - a potion of cancellation {unknown}
 g - a potion of degeneration {unknown}
 h - 5 potions of magic
 i - a potion of berserk rage
 l - a potion of mutation {unknown}
 m - a potion of invisibility
 r - 3 potions of flight
 v - 3 potions of resistance
 z - a potion of cure mutation {unknown}
 A - a potion of restore abilities {unknown}
Books
 c - a book of Maledictions

   Spells                             Type                      Level
   a - Corona                         Hexes                        1
   b - Sure Blade                     Hexes/Charms                 2
   c - Ensorcelled Hibernation        Hexes/Ice                    2
   d - Confuse                        Hexes                        3
   e - Dazzling Spray                 Conjuration/Hexes            3
   f - Enslavement                    Hexes                        4
Comestibles
 d - a bread ration


   Skills:
 * Level 8.3 Fighting
 * Level 10.7 Short Blades
 * Level 13.6 Dodging
 + Level 12.8 Stealth
 * Level 13.2 Spellcasting
 * Level 6.0 Conjurations
 * Level 13.6 Hexes
 + Level 10.5 Evocations


You had 26 spell levels left.
You knew the following spells:

 Your Spells              Type           Power        Failure   Level  Hunger
a - Corona                Hex            ######.      1%          1    None
b - Ensorcelled Hibernat  Hex/Ice        #####.       1%          2    None
c - Confuse               Hex            ######..     1%          3    None
d - Dazzling Spray        Conj/Hex       ######..     1%          3    None


Dungeon Overview and Level Annotations

Branches:
Dungeon (1/1)

Altars:
Cheibriados
Dithmenos
Elyvilon
Fedhas
Gozag
Kikubaaqudgha
Makhleb
Nemelex Xobeh
Okawaru
Qazlal
Ru
Sif Muna
Trog
Vehumet
Xom
Yredelemnul
Zin
The Shining One
Beogh
Jiyva
Lugonu

Shops:
D }}:?(?=:%*?[!!=[

Annotations:
D exclusion: oklob plant


Innate Abilities, Weirdness & Mutations

You are tiny and cannot use many weapons and most armour.
You have supernaturally acute eyesight.
You are a herbivore.
You cover ground extremely quickly.
You need consume almost no food.


Message History

You are engulfed in dark miasma.
* * * LOW HITPOINT WARNING * * *
x2 You feel very sick.
The death drake misses you.
Drink which item? (? for menu, Esc to quit)
You feel better.
You are engulfed in dark miasma.
You are lethally poisoned!
* * * LOW HITPOINT WARNING * * *
x2 You feel sick.
The death drake breathes miasma at you. The foul vapour misses you.
The death drake completely misses you.
Casting: Confuse
Confirm with . or Enter, or press ? or * to list all spells.
Aiming: Confuse
Press: ? - help, Shift-Dir - straight line, f - death drake
Aim: a death drake (foul pestilence, catching its breath, umbra, chance 63%)
The death drake appears confused.
You are engulfed in dark miasma.
You are more poisoned.
You feel your flesh start to rot away!
You feel as though you will be slow longer.
You die...

+ ####....# ##"=▓▓▓▓▓▓▓▓▓▓▓ ..
#..'....# .#:)▓..(....[▓▓
.##+##..#.%####.# .#||▓.((...).▓▓
##...# .####..'.##.#=)▓.......(▓▓
#.##..# ...#..#...####▓)[......▓▓
##.######..#####..##)#▓((....[[▓▓
###'###.##..#..§§§#..#▓..)[()..▓▓
.##.##...#..#†.#§k#†.#▓%.[([.).▓▓
#'.<.'.#.'..####@§##§#▓[)[[)...▓▓
.##.##.).#....###§§.##▓▓▓▓▓▓▓'▓▓▓
###'###.##§§....§§≈≈≈≈≈≈≈≈≈≈≈...≈
##.#.####≈§.§...≈#'########+###.≈
#..#..#≈≈≈≈≈§≈..≈#....._._#{§≈##≈
##.#.##≈≈≈≈§§≈≈.≈#...._._.#§≈≈≈##
≈##+##≈≈≈≈≈§§≈§≈§#..._._._#§§§§§
≈≈≈≈≈≈≈≈§≈≈≈≈§≈≈≈#.._._._.#≈§§§§
'''#''§#≈≈≈§§§≈≈≈#.⌠._._._#§§≈≈≈


You could see a death drake (confused).

Vanquished Creatures
  A deep elf master archer (D)
  A kraken (D)
  An ice dragon (D)
  A siren (D)
  2 spiny frogs (D)
  A yaktaur (D)
  3 polar bears (D)
  A baby alligator (D)
  2 boulder beetles (D)
  2 wyverns (D)
  2 swamp drakes (D)
  A wasp (D)
  4 brain worms (D)
  A crocodile (D)
  A scorpion (D)
  3 worms (D)
27 creatures vanquished.

Vanquished Creatures (others)
  Menkaure (D)
1 creature vanquished.

Grand Total: 28 creatures vanquished

Notes
Turn   | Place    | Note
--------------------------------------------------------------
     0 | D        | Groucho, the Spriggan Enchanter, began the quest for the Orb.
     0 | D        | Reached XP level 1. HP: 9/9 MP: 4/4
     1 | D        | Noticed a brain worm
     8 | D        | Killed a brain worm
     8 | D        | Reached skill level 6 in Stealth
     8 | D        | Reached skill level 5 in Spellcasting
     8 | D        | Reached skill level 5 in Hexes
     8 | D        | Reached XP level 2. HP: 12/15 MP: 5/11
     8 | D        | Reached XP level 3. HP: 14/18 MP: 6/14
     8 | D        | Reached XP level 4. HP: 17/23 MP: 7/17
    17 | D        | Reached skill level 5 in Dodging
    29 | D        | Found Ifoass' Antique Armour Shop.
    29 | D        | Found Twusauq's Jewellery Boutique.
    29 | D        | Found Keiffa's Antique Armour Shop.
    29 | D        | Found Koosyowo's Distillery.
    29 | D        | Found Wegg's General Store.
    29 | D        | Found Jypraffa's Magic Scroll Boutique.
    29 | D        | Found Meboicoi's Food Shop.
    40 | D        | Noticed a brain worm
    48 | D        | Learned a level 2 spell: Ensorcelled Hibernation
    52 | D        | Learned a level 3 spell: Confuse
    56 | D        | Learned a level 3 spell: Dazzling Spray
    61 | D        | Killed a brain worm
    61 | D        | Reached skill level 7 in Stealth
    61 | D        | Reached skill level 1 in Conjurations
    61 | D        | Reached XP level 5. HP: 18/27 MP: 5/20
   235 | D        | Killed Menkaure
   254 | D        | Noticed a brain worm
   254 | D        | Noticed a brain worm
   256 | D        | Killed a brain worm
   258 | D        | Killed a brain worm
   258 | D        | Reached skill level 8 in Stealth
   258 | D        | Reached XP level 6. HP: 30/32 MP: 20/23
   268 | D        | Noticed a siren
   271 | D        | Killed a siren
   271 | D        | Reached skill level 5 in Short Blades
   271 | D        | Reached skill level 9 in Stealth
   271 | D        | Reached XP level 7. HP: 34/37 MP: 22/27
   276 | D        | Noticed a boulder beetle
   276 | D        | Noticed a boulder beetle
   305 | D        | Killed a boulder beetle
   305 | D        | Reached skill level 10 in Hexes
   316 | D        | Killed a boulder beetle
   316 | D        | Reached skill level 10 in Stealth
   316 | D        | Reached skill level 10 in Spellcasting
   330 | D        | Found Saixadghu's Book Shop.
   331 | D        | Found Onainuer's Antique Weapon Shop.
   331 | D        | Found Qiemir's Jewellery Shop.
   331 | D        | Found Loskosik's Magic Scroll Boutique.
   331 | D        | Noticed a slime creature
   333 | D        | Found Kutse's Distillery.
   334 | D        | Found Yfuyd's Gadget Shop.
   334 | D        | Found Threfoer's Magic Scroll Boutique.
   334 | D        | Noticed a baby alligator
   334 | D        | Noticed a slime creature
   334 | D        | Noticed a slime creature
   335 | D        | Found Phau's Gadget Boutique.
   335 | D        | Noticed an oklob plant
   337 | D        | Found Clupa's Book Shoppe.
   339 | D        | Noticed a yak
   342 | D        | Noticed a yak
   345 | D        | Noticed a black bear
   346 | D        | Noticed a yak
   348 | D        | Noticed a black bear
   348 | D        | Bought an uncursed ring of flight for 175 gold pieces
   352 | D        | Noticed a black bear
   358 | D        | Bought 2 potions of invisibility for 160 gold pieces
   360 | D        | Bought a potion of invisibility for 96 gold pieces
   360 | D        | Bought a potion of agility for 48 gold pieces
   396 | D        | Noticed a scorpion
   398 | D        | Killed a scorpion
   398 | D        | Reached skill level 1 in Evocations
   411 | D        | Killed a baby alligator
   411 | D        | Reached skill level 5 in Fighting
   411 | D        | Reached XP level 8. HP: 41/43 MP: 26/29
   450 | D        | Noticed a crocodile
   452 | D        | Found an ancient bone altar of Kikubaaqudgha.
   452 | D        | Found a burning altar of Makhleb.
   453 | D        | Found a glowing golden altar of the Shining One.
   458 | D        | Killed a crocodile
   459 | D        | Found a white marble altar of Elyvilon.
   459 | D        | Found a shadowy altar of Dithmenos.
   459 | D        | Found a corrupted altar of Lugonu.
   459 | D        | Found an iron altar of Okawaru.
   459 | D        | Found a sparkling altar of Nemelex Xobeh.
   460 | D        | Found a deep blue altar of Sif Muna.
   463 | D        | Found a glowing silver altar of Zin.
   463 | D        | Found a roughly hewn altar of Beogh.
   463 | D        | Found a snail-covered altar of Cheibriados.
   463 | D        | Found an opulent altar of Gozag.
   463 | D        | Found a shimmering altar of Xom.
   463 | D        | Found a bloodstained altar of Trog.
   463 | D        | Found a stormy altar of Qazlal.
   463 | D        | Noticed a wasp
   463 | D        | Noticed a polar bear
   464 | D        | Found a sacrificial altar of Ru.
   464 | D        | Found a viscous altar of Jiyva.
   464 | D        | Found a basalt altar of Yredelemnul.
   464 | D        | Found a radiant altar of Vehumet.
   464 | D        | Found a blossoming altar of Fedhas.
   464 | D        | Noticed a yaktaur
   473 | D        | Became a worshipper of Dithmenos the Shadowed
   501 | D        | Noticed a polar bear
   501 | D        | Noticed a polar bear
   502 | D        | Killed a polar bear
   502 | D        | Reached skill level 11 in Hexes
   503 | D        | Killed a polar bear
   503 | D        | Reached skill level 10 in Dodging
   505 | D        | Killed a wasp
   505 | D        | Reached skill level 5 in Evocations
   506 | D        | Killed a polar bear
   508 | D        | Killed a yaktaur
   508 | D        | Reached XP level 9. HP: 46/48 MP: 29/31
   524 | D        | Noticed a wyvern
   525 | D        | Noticed a wyvern
   526 | D        | Killed a wyvern
   526 | D        | Acquired Dithmenos' first power
   528 | D        | Killed a wyvern
   541 | D        | Noticed an ice dragon
   546 | D        | Killed an ice dragon
   546 | D        | Reached skill level 12 in Hexes
   560 | D        | Noticed a deep elf master archer
   567 | D        | Killed a deep elf master archer
   567 | D        | Reached skill level 5 in Conjurations
   567 | D        | Reached XP level 10. HP: 53/55 MP: 31/33
   573 | D        | Noticed a spiny frog
   573 | D        | Noticed a spiny frog
   575 | D        | Killed a spiny frog
   575 | D        | Acquired Dithmenos' second power
   575 | D        | Reached skill level 10 in Short Blades
   575 | D        | Reached skill level 13 in Hexes
   577 | D        | Killed a spiny frog
   577 | D        | Reached skill level 10 in Evocations
   697 | D        | Noticed a kraken
   719 | D        | Killed a kraken
   966 | D        | Noticed a swamp drake
   967 | D        | Noticed a death drake
   967 | D        | Noticed a swamp drake
   972 | D        | Noticed a lava snake
   979 | D        | Noticed a lava snake
   981 | D        | Noticed a lava snake
   982 | D        | Noticed a lava snake
   988 | D        | Noticed a sixfirhy
   989 | D        | Noticed a sixfirhy
   989 | D        | Noticed a sixfirhy
  1063 | D        | Bought a brightly glowing buckler for 171 gold pieces
  1063 | D        | Bought a cloak for 81 gold pieces
  1063 | D        | Bought an embroidered hat for 72 gold pieces
  1073 | D        | Identified the cursed -1 buckler of Mueroypo {rC+ MR+ Str+4 Int+3 Dex-2} (You bought it in a shop in the Dungeon)
  1117 | D        | Noticed a crocodile
  1128 | D        | Killed a swamp drake
  1142 | D        | Noticed a death drake
  1156 | D        | Killed a swamp drake
  1157 | D        | HP: 2/54 [poisoned by a death drake (dark miasma)]
  1158 | D        | Engulfed by a death drake's foul pestilence

Action                   |  1- 3 |  4- 6 |  7- 9 | 10-12 || total
-------------------------+-------+-------+-------+-------++-------
Melee: Dagger            |     5 |     7 |    20 |    13 ||    45
       Short sword       |       |       |       |     5 ||     5
 Cast: Ensorcelled Hiber |       |     4 |     7 |     5 ||    16
       Confuse           |       |       |     1 |     3 ||     4
       Dazzling Spray    |       |       |     1 |       ||     1
 Abil: Evoke Flight      |       |       |     2 |     2 ||     4
       Stop Flying       |       |       |       |     1 ||     1
  Use: Potion            |       |       |     3 |     7 ||    10
 Stab: Sleeping          |     1 |     7 |    14 |     4 ||    26
       Confused          |       |       |     2 |     1 ||     3
       Invisible         |       |       |     1 |     4 ||     5
